 Dungeon Crawl Stone Soup version 0.19.5 (webtiles) character file.

132 Peloso the Shield-Bearer (level 4, -5/40 HPs)
             Began as a Minotaur Fighter on May 16, 2017.
             Was an Initiate of Okawaru.
             Slain by a gnoll
             ... wielding a +0 spear
              (6 damage)
             ... on level 3 of the Dungeon.
             The game lasted 00:05:54 (1569 turns).

Peloso the Shield-Bearer (Minotaur Fighter)         Turns: 1569, Time: 00:05:55

Health: -5/40      AC:  7    Str: 21    XL:     4   Next: 92%
Magic:  3/3        EV:  7    Int:  5    God:    Okawaru [......]
Gold:   82         SH: 10    Dex: 10    Spells: 0 memorised, 3 levels left

rFire  . . .     SeeInvis .     a - +0 long sword
rCold  . . .     Gourm    .     b - +0 scale mail
rNeg   . . .     Faith    .     c - +0 shield
rPois  .         Spirit   .     (helmet restricted)
rElec  .         Reflect  .     (no cloak)
rCorr  .         Harm     .     (no gloves)
MR     .....                    (no boots)
Stlth  ..........               (no amulet)
                                (no ring)
                                (no ring)

@: no status effects
A: retaliatory headbutt, horns 2
a: Renounce Religion


You were on level 3 of the Dungeon.
You worshipped Okawaru.
Okawaru was noncommittal.
You were not hungry.

You visited 1 branch of the dungeon, and saw 3 of its levels.

You collected 82 gold pieces.

Inventory:

Hand Weapons
 a - a +0 long sword (weapon)
Armour
 b - a +0 scale mail (worn)
 c - a +0 shield (worn)
Scrolls
 d - a scroll of identify {unknown}
 h - 2 scrolls of enchant weapon {unknown}
 i - a scroll of immolation {unknown}
 l - 2 scrolls of remove curse {unknown}
 m - a scroll of blinking {unknown}
 o - 2 scrolls of teleportation {unknown}
Potions
 e - a potion of flight
 g - a potion of magic
 k - 2 potions of degeneration {unknown}
 n - a potion of berserk rage {unknown}
 q - 2 potions of lignification {unknown}
Books
 r - a book of Changes

   Spells                             Type                      Level
   a - Beastly Appendage              Transmutation                1
   b - Sticks to Snakes               Transmutation                2
   c - Spider Form                    Transmutation/Poison         3
   d - Ice Form                       Ice/Transmutation            4
   e - Blade Hands                    Transmutation                5
Comestibles
 f - a bread ration
 j - 2 meat rations
 p - 2 chunks of flesh


   Skills:
 + Level 4.2 Fighting
 + Level 3.4 Long Blades
 + Level 4.7 Armour
 + Level 0.2 Dodging
 + Level 5.0 Shields


You had 3 spell levels left.
You didn't know any spells.

Dungeon Overview and Level Annotations

Branches:
Dungeon (3/15)

Altars:
Dithmenos
Okawaru


Innate Abilities, Weirdness & Mutations

You reflexively headbutt those who attack you in melee.
You have a pair of horns on your head.


Message History

The gnoll shouts! x2
The gnoll hits you from afar with a halberd!
You block the gnoll's attack.
You closely miss the gnoll. Your headbutt misses the gnoll.
The gnoll hits you with a halberd! You block the gnoll's attack.
The gnoll barely misses you.
You barely miss the gnoll. Your headbutt misses the gnoll.
The gnoll hits you with a halberd. The gnoll barely misses you. x2
The gnoll closely misses you. You furiously retaliate!
You headbutt the gnoll. You barely miss the gnoll.
Your headbutt misses the gnoll.
The gnoll is lightly wounded.
You block the gnoll's attack. x2; The gnoll hits you with a halberd!
* * * LOW HITPOINT WARNING * * *
The gnoll hits you from afar with a spear.
* * * LOW HITPOINT WARNING * * *
You completely miss the gnoll.
The gnoll is lightly wounded.
The gnoll barely misses you.
The gnoll hits you from afar with a spear.
You die...

##.#.###.# ..###..
#.......# ........## #
###.##### ........#.#
##.## ..#....#. #...#
....... #...##### ...gg#
#...##... #.#.g#
#........
#.#@#.######...##.##
#..###....[.........
#.## ##.......(.....
#.###.###..............
#......#.######......§§
#######.## #.....##§§
####.# #.....##.§
#....## #.....####
########.###.######...##


You could see 3 gnolls.

Vanquished Creatures
  The ghost of McKennaii the Magician, an amateur DEFE (D:3)
  An adder (D:2)
  A gnoll (D:1)
  A worm (D:3)
  A dart slug (D:1)
  2 leopard geckos (D:2)
  An orc (D:3)
  3 giant cockroaches
  3 goblins
  8 hobgoblins
  7 kobolds
  4 bats
  3 rats
36 creatures vanquished.

Notes
Turn   | Place    | Note
-------+----------+-------------------------------------------
     0 | D:1      | Peloso the Minotaur Fighter began the quest for the Orb.
     0 | D:1      | Reached XP level 1. HP: 19/19 MP: 0/0
    86 | D:1      | Reached XP level 2. HP: 24/27 MP: 1/1
   295 | D:1      | Reached skill level 4 in Shields
   305 | D:1      | Reached XP level 3. HP: 16/33 MP: 2/2
   684 | D:2      | Found an iron altar of Okawaru.
   784 | D:2      | Became a worshipper of Warmaster Okawaru
   850 | D:2      | HP: 1/33 [poisoned by an adder]
  1277 | D:3      | Noticed McKennaii's ghost (amateur DEFE)
  1301 | D:3      | Killed McKennaii's ghost
  1301 | D:3      | Reached skill level 5 in Shields
  1301 | D:3      | Reached XP level 4. HP: 39/40 MP: 3/3
  1311 | D:3      | Found a shadowy altar of Dithmenos.
  1568 | D:3      | HP: 1/40 [gnoll/spear (4)]
  1569 | D:3      | Slain by a gnoll

Skill      XL: |  1  2  3 |
---------------+----------+-----
Armour         | 4 |  4.7
Fighting       | 4 |  4.2
Shields        | 4 5 |  5.0
Long Blades    | 3 |  3.4
Dodging        | |  0.2

Action                   |  1- 3 |  4- 6 || total
-------------------------+-------+-------++-------
Melee: Long sword        |   100 |    24 ||   124
       Headbutt          |    10 |     6 ||    16
  Use: Potion            |     4 |       ||     4
  Eat: Chunk             |     1 |     1 ||     2
Armor: Scale mail        |    41 |     7 ||    48
Dodge: Dodged            |    24 |    14 ||    38
Block: Shield            |    53 |    13 ||    66
       Rpst.: Long sword |     7 |     1 ||     8
